[Event "Titled Tuesday Blitz March 14 Early 2023"]
[White "Bolanos, Fernando"]
[Black "Rosenberg, Evan S"]
[WhiteFideId "3304094"]
[BlackFideId "2019299"]
[WhiteElo "2166"]
[BlackElo "2415"]
[Result "1-0"]
[Round "05"]
[TimeControl "180+2"]
[Date "2023.03.14"]
[WhiteClock "0:00:04"]
[BlackClock "0:00:02"]

1. e4 e5 2. Nf3 Nc6 3. Bc4 Nf6 4. d3 h6 5. O-O d6 6. c3 g5 7. b4 Bg7 8. Nbd2 O-O 9. Re1 g4 10. Nh4 Nxe4 11. dxe4 Qxh4 12. Nf1 Be6 13. Bxe6 fxe6 14. Be3 Rf7 15. a4 Raf8 16. Ra2 a6 17. Ree2 Ne7 18. b5 axb5 19. axb5 b6 20. Ra7 Ng6 21. Rea2 Nf4 22. Qb3 Kh8 23. Ng3 d5 24. Ra8 d4 25. Bd2 Nxg2 26. Rxf8+ Rxf8 27. Bxh6 Bxh6 28. Kxg2 Qh3+ 29. Kg1 Bf4 30. Qxe6 Bxg3 31. hxg3 Qh5 32. cxd4 exd4 33. Rc2 Qxb5 34. Qh6+ Kg8 35. Qg6+ Kh8 36. Qh6+ Kg8 37. Rxc7 Qb2 38. Qg7# 1-0


[Site "https://www.chess.com"]

[Event "Titled Tuesday Blitz March 14 Early 2023"]
[White "Hoffmann, Asa"]
[Black "Botez, Alexandra"]
[WhiteFideId "2001470"]
[BlackFideId "2603365"]
[WhiteElo "2117"]
[BlackElo "2059"]
[Result "0-1"]
[Round "05"]
[TimeControl "180+2"]
[Date "2023.03.14"]
[WhiteClock "0:00:17"]
[BlackClock "0:00:10"]

1. d4 c5 2. dxc5 e6 3. Nc3 Bxc5 4. Ne4 Nf6 5. Nxc5 Qa5+ 6. c3 Qxc5 7. Be3 Qd5 8. Qc2 O-O 9. Rd1 Qxa2 10. Nf3 d5 11. g3 Bd7 12. Qc1 a5 13. Bg2 a4 14. O-O Nc6 15. Nd2 b5 16. Bc5 Rfc8 17. Qc2 a3 18. Rb1 b4 19. Rfc1 bxc3 20. Qxc3 axb2 21. Rxb2 Qa6 22. Bf1 Qa4 23. Rb7 d4 24. Qc4 Qxc4 25. Rxc4 Ne5 26. Rc2 Ra5 27. Bxd4 Rxc2 28. Bxe5 Be8 29. Nf3 Rc8 30. Kg2 Nd5 31. e4 Nf6 32. Bxf6 gxf6 33. Be2 Bc6 34. Rb6 Bxe4 35. h4 Ra2 36. Bd1 Rd2 37. Bb3 Rd3 38. Bxe6 Bxf3+ 39. Kh3 fxe6 40. Rxe6 Rc1 41. g4 Bd5+ 42. Re3 Rxe3+ 43. fxe3 Rc3 44. Kg3 Rxe3+ 45. Kf4 Re4+ 46. Kf3 Kf7 47. g5 fxg5 48. hxg5 Kg6 49. Kg3 Kxg5 50. Kf3 Kf5 51. Kf2 Kf4 52. Kg2 Be6 53. Kf2 Ra4 0-1


[Site "https://www.chess.com"]

[Event "Titled Tuesday Blitz March 14 Early 2023"]
[White "Martin, Lewis"]
[Black "Leve, Nitai"]
[WhiteFideId "410551"]
[BlackFideId "2006898"]
[WhiteElo "2145"]
[BlackElo "2144"]
[Result "0-1"]
[Round "05"]
[TimeControl "180+2"]
[Date "2023.03.14"]
[WhiteClock "0:00:27"]
[BlackClock "0:00:14"]

1. e4 e6 2. d4 d5 3. Nd2 Nf6 4. e5 Nfd7 5. f4 c5 6. c3 Nc6 7. Ndf3 f6 8. exf6 Nxf6 9. Bd3 cxd4 10. cxd4 Qb6 11. Ne2 Bb4+ 12. Bd2 Ne4 13. Bc3 O-O 14. O-O Bd7 15. Bxe4 dxe4 16. Ng5 Ne7 17. Nxe4 Nf5 18. Qb3 Bxc3 19. Qxb6 axb6 20. bxc3 Ra3 21. Rfb1 Rfa8 22. Rxb6 Rxa2 23. Rxa2 Rxa2 24. Kf2 Bc6 25. Nc5 Bd5 26. Rb4 b5 27. Nd3 Bc4 28. Nc1 Rc2 29. Rb1 Nd6 30. Ke1 Ne4 31. Kd1 Rd2+ 32. Ke1 Bxe2 33. Nxe2 Rxe2+ 34. Kxe2 Nxc3+ 35. Kd3 Nxb1 36. Kc2 Na3+ 37. Kb3 Nc4 38. Kb4 Ne3 39. g3 Nf5 40. Kxb5 Nxd4+ 41. Kc5 Nf3 42. Kd6 Kf7 43. h4 Ng1 44. Ke5 Ne2 45. g4 g6 46. f5 exf5 47. gxf5 Ng3 48. fxg6+ Kxg6 49. Kf4 Ne2+ 50. Kg4 Nd4 51. Kf4 Kh5 52. Kg3 Nf5+ 53. Kh3 Nxh4 54. Kh2 Kg4 55. Kh1 Kg3 56. Kg1 h5 57. Kh1 Ng6 58. Kg1 h4 59. Kh1 h3 60. Kg1 Ne5 61. Kh1 Ng4 62. Kg1 h2+ 63. Kh1 Nf2# 0-1


[Site "https://www.chess.com"]

[Event "Titled Tuesday Blitz March 14 Early 2023"]
[White "Bochnicka, Vladimir"]
[Black "Quirke, Jeffrey"]
[WhiteFideId "14943450"]
[BlackFideId "2013029"]
[WhiteElo "2094"]
[BlackElo "2209"]
[Result "1-0"]
[Round "05"]
[TimeControl "180+2"]
[Date "2023.03.14"]
[WhiteClock "0:00:13"]
[BlackClock "0:00:01"]

1. e4 Nf6 2. e5 Nd5 3. d4 d6 4. c4 Nb6 5. f4 dxe5 6. fxe5 Bf5 7. Nc3 e6 8. Be3 Nc6 9. Nf3 Bg4 10. Be2 Bxf3 11. gxf3 Bb4 12. Rc1 Qh4+ 13. Bf2 Qh3 14. a3 Be7 15. Qd2 O-O-O 16. Qf4 g5 17. Qe4 f5 18. exf6 Bxf6 19. Bf1 Qf5 20. Qxf5 exf5 21. c5 Rhe8+ 22. Kd1 Bxd4 23. Bxd4 Rxd4+ 24. Kc2 Nd7 25. b4 Nce5 26. Kb3 Nxf3 27. Bg2 Nd2+ 28. Ka2 Ne4 29. Nxe4 fxe4 30. Rcd1 Rxd1 31. Rxd1 h5 32. Kb3 g4 33. Kc4 e3 34. Re1 Nf6 35. Kd4 Rd8+ 36. Kxe3 Re8+ 37. Kd2 Rxe1 38. Kxe1 c6 39. Kf2 Kd7 40. Ke3 Ke6 41. Kf4 a5 42. bxa5 Nd7 43. Bxc6 Nxc5 44. Be8 Kd6 45. Bxh5 Nb3 46. Bxg4 Nxa5 47. h4 1-0


[Site "https://www.chess.com"]

[Event "Titled Tuesday Blitz March 14 Early 2023"]
[White "Shevtchenko, Olesya"]
[Black "Bennett, David"]
[WhiteFideId "24131890"]
[BlackFideId "2028271"]
[WhiteElo "2003"]
[BlackElo "2131"]
[Result "1-0"]
[Round "05"]
[TimeControl "180+2"]
[Date "2023.03.14"]
[WhiteClock "0:01:36"]
[BlackClock "0:00:11"]

1. e4 c6 2. Nc3 d5 3. Qf3 dxe4 4. Nxe4 Nf6 5. Bc4 Nbd7 6. Bb3 Ne5 7. Nxf6+ gxf6 8. Qe2 Bg4 9. f3 Bh5 10. d3 e6 11. h4 h6 12. g4 Bg6 13. f4 Nd7 14. f5 Bh7 15. fxe6 fxe6 16. Qxe6+ Qe7 17. Bf4 O-O-O 18. O-O-O Re8 19. Qxe7 Rxe7 20. Nf3 Ne5 21. Nxe5 fxe5 22. Be3 b6 23. g5 hxg5 24. hxg5 Bg7 25. Rdf1 Kd7 26. Bf7 Rf8 27. Rxh7 Rfxf7 28. Rxf7 Rxf7 29. g6 Re7 30. Bg5 1-0


[Site "https://www.chess.com"]

[Event "Titled Tuesday Blitz March 14 Early 2023"]
[White "Avazkhonov, Alikhon"]
[Black "Fabris, Alberto"]
[WhiteFideId "14208504"]
[BlackFideId "801348"]
[WhiteElo "1739"]
[BlackElo "2190"]
[Result "0-1"]
[Round "05"]
[TimeControl "180+2"]
[Date "2023.03.14"]
[WhiteClock "0:00:01"]
[BlackClock "0:01:18"]

1. d4 Nf6 2. c4 e6 3. Nc3 Bb4 4. e3 O-O 5. Bd2 d5 6. Nf3 c5 7. a3 cxd4 8. axb4 dxc3 9. Bxc3 Ne4 10. Bd3 Nxc3 11. bxc3 dxc4 12. Bxc4 Nc6 13. O-O Qc7 14. Qe2 Ne5 15. Nxe5 Qxe5 16. Qd3 b6 17. Qd4 Qxd4 18. cxd4 Bb7 19. b5 Rfc8 20. Ra4 Bd5 21. Bxd5 exd5 22. Rfa1 g6 23. g4 Rc7 24. Ra6 Rb7 25. Rc1 Kf8 26. g5 Ke7 27. Kg2 Kd7 28. Rc6 Rc8 29. Rxc8 Kxc8 30. Kf3 Re7 31. Ra3 Kb7 32. Ke2 f5 33. gxf6 Rf7 34. e4 dxe4 35. Re3 Rxf6 36. Rxe4 Rf7 37. d5 Kc7 38. Re6 Rd7 39. Re5 Kd6 40. f4 Kc5 0-1


[Site "https://www.chess.com"]

[Event "Titled Tuesday Blitz March 14 Early 2023"]
[White "Kraus, Tomas"]
[Black "Bongo Akanga Ndjila, Barthelemy"]
[WhiteFideId "331708"]
[BlackFideId "10609431"]
[WhiteElo "2389"]
[BlackElo "1768"]
[Result "1-0"]
[Round "05"]
[TimeControl "180+2"]
[Date "2023.03.14"]
[WhiteClock "0:00:50"]
[BlackClock "0:00:38"]

1. e4 e6 2. d3 d5 3. Qe2 Nf6 4. Nf3 c5 5. g3 d4 6. Bg2 Nc6 7. e5 Nd5 8. O-O Be7 9. Nbd2 O-O 10. Ne4 b6 11. h4 h6 12. c4 dxc3 13. bxc3 Bb7 14. a3 Na5 15. Bb2 Rc8 16. c4 Nc7 17. Rad1 Ne8 18. Bh3 Nb3 19. h5 Nd4 20. Nxd4 cxd4 21. f4 Nc7 22. Bg2 Na6 23. Nf6+ gxf6 24. Bxb7 Nc5 25. Bxc8 Qxc8 26. Bxd4 f5 27. Bxc5 Bxc5+ 28. Kh2 Kh7 29. g4 fxg4 30. d4 Bxa3 31. Qd3+ Kh8 32. Qxa3 Qe8 33. Kg3 Qd8 34. Qd6 Qc8 35. c5 bxc5 36. dxc5 Qb7 37. c6 Qb3+ 38. Rd3 Qc2 39. Qxf8+ 1-0


[Site "https://www.chess.com"]

[Event "Titled Tuesday Blitz March 14 Early 2023"]
[White "Mirzanurov, Bulat"]
[Black "Lorenzo De La Riva, Lazaro"]
[WhiteFideId "4184521"]
[BlackFideId "2268809"]
[WhiteElo "2019"]
[BlackElo "2294"]
[Result "1-0"]
[Round "05"]
[TimeControl "180+2"]
[Date "2023.03.14"]
[WhiteClock "0:00:06"]
[BlackClock "0:00:06"]

1. e4 c5 2. Nf3 Nc6 3. d4 cxd4 4. Nxd4 Nf6 5. Nc3 e6 6. Nxc6 bxc6 7. e5 Nd5 8. Ne4 Qc7 9. f4 Qb6 10. c4 Ne3 11. Qd3 Nf5 12. Be2 Bb7 13. b3 a5 14. g4 Nd4 15. Be3 Nc2+ 16. Kf2 Nxe3 17. Qxe3 c5 18. Bf3 Be7 19. Rhd1 Bc6 20. Nd6+ Bxd6 21. Rxd6 Rc8 22. Rad1 Qb7 23. Bxc6 Rxc6 24. Rxd7 Qxd7 25. Rxd7 Kxd7 26. Qd2+ Kc7 27. Qxa5+ Kb7 28. a4 Ra8 29. Qd2 Kc7 30. Ke3 Rb6 31. Qc3 Rab8 32. Qa5 Kc6 33. Kf2 Rxb3 34. Qa6+ R3b6 35. Qa5 R8b7 36. Kg3 Rd7 37. Kh4 h6 38. Qa8+ Rbb7 39. a5 Kc7 40. a6 Rb8 41. Qa7+ Kc8 42. Qxc5+ Kd8 43. a7 Ra8 44. Qb6+ Kc8 45. Qc6+ Rc7 46. Qxa8+ Kd7 47. Qb8 g5+ 48. fxg5 hxg5+ 49. Kxg5 f6+ 50. Kxf6 Rxc4 51. Qd6+ 1-0


[Site "https://www.chess.com"]

[Event "Titled Tuesday Blitz March 14 Early 2023"]
[White "littlepillow2010"]
[Black "Necula, Iulian"]
[BlackFideId "1232380"]
[WhiteElo "2378"]
[BlackElo "1790"]
[Result "1-0"]
[Round "05"]
[TimeControl "180+2"]
[Date "2023.03.14"]
[WhiteClock "0:00:05"]
[BlackClock "0:00:12"]

1. e4 d6 2. d4 Nf6 3. Nc3 e5 4. Nf3 Nbd7 5. Bc4 Be7 6. O-O O-O 7. dxe5 dxe5 8. Qe2 c6 9. h3 h6 10. a3 Qc7 11. Be3 b6 12. Nh4 Nc5 13. Nf5 Re8 14. Nxe7+ Qxe7 15. Qf3 b5 16. Ba2 a5 17. Bxc5 Qxc5 18. Rfd1 Be6 19. Bxe6 Rxe6 20. Rd3 Rae8 21. Kh2 b4 22. axb4 axb4 23. Na4 Qxc2 24. Qe3 Qc4 25. Nc5 R6e7 26. Ra5 Nh5 27. b3 Qc2 28. g3 f5 29. exf5 Nf6 30. Rd2 Qc1 31. Ne6 Nd5 32. Qe2 Nc3 33. Qd3 e4 34. Qd4 e3 35. Qxe3 g6 36. Re5 g5 37. f6 Rf7 38. Nd4 Rxe5 39. Qxe5 Qxd2 40. Qe8+ Rf8 41. Qg6+ Kh8 42. Qg7# 1-0


[Site "https://www.chess.com"]

[Event "Titled Tuesday Blitz March 14 Early 2023"]
[White "Larina, Maria"]
[Black "Fathy, Elameir"]
[WhiteFideId "24113182"]
[BlackFideId "10600396"]
[WhiteElo "1848"]
[BlackElo "2311"]
[Result "0-1"]
[Round "05"]
[TimeControl "180+2"]
[Date "2023.03.14"]
[WhiteClock "0:00:07"]
[BlackClock "0:00:10"]

1. e4 c6 2. d4 d5 3. f3 e6 4. Nc3 Bb4 5. Bd2 Ne7 6. a3 Ba5 7. e5 Nf5 8. Nge2 Nxd4 9. Nxd4 Qh4+ 10. g3 Qxd4 11. Qe2 Bc7 12. f4 Qc5 13. O-O-O b6 14. Bh3 Ba6 15. Qg4 g6 16. Qg5 Bd8 17. Qh6 Qf8 18. Qxf8+ Kxf8 19. g4 h5 20. Rdg1 hxg4 21. Bxg4 Nd7 22. Nd1 c5 23. Bf3 Rc8 24. Ne3 c4 25. Bb4+ Be7 26. Bxe7+ Kxe7 27. h4 c3 28. b3 Nc5 29. h5 gxh5 30. Rxh5 Rxh5 31. Bxh5 Rh8 32. Bf3 Rh3 33. Nxd5+ exd5 34. Bxd5 Bb7 35. Bc4 Rh1 36. Rxh1 Bxh1 37. b4 Ne6 38. f5 Nd4 39. f6+ Ke8 40. Kb1 Be4 41. Bd3 Bxd3 42. cxd3 Kd7 43. Kc1 Ke6 44. b5 Nxb5 45. a4 Nd4 0-1


[Site "https://www.chess.com"]

[Event "Titled Tuesday Blitz March 14 Early 2023"]
[White "Comas Fabrego, Lluis"]
[Black "Samaganova, Aleksandra"]
[WhiteFideId "2200325"]
[BlackFideId "13800221"]
[WhiteElo "2523"]
[BlackElo "1858"]
[Result "0-1"]
[Round "05"]
[TimeControl "180+2"]
[Date "2023.03.14"]
[WhiteClock "0:00:03"]
[BlackClock "0:00:04"]

1. Nf3 c5 2. c4 Nf6 3. Nc3 e6 4. d4 cxd4 5. Nxd4 a6 6. g3 Qc7 7. Bg2 Be7 8. O-O O-O 9. Qd3 d6 10. b3 Nbd7 11. Bb2 Ne5 12. Qd2 Nc6 13. Rac1 Qb6 14. Na4 Qc7 15. Nc3 Qb6 16. Na4 Qc7 17. Nb5 axb5 18. cxb5 d5 19. bxc6 bxc6 20. Bd4 Nd7 21. e4 e5 22. Ba1 d4 23. Rc2 Ba6 24. Rfc1 Rfc8 25. Bh3 Rab8 26. Bxd7 Qxd7 27. Nc5 Bxc5 28. Rxc5 f6 29. b4 Qe6 30. Qc2 h6 31. a3 Bb7 32. a4 Rd8 33. b5 cxb5 34. axb5 d3 35. Qc4 Qxc4 36. R5xc4 d2 37. Rd1 Rd3 38. Rc2 Rbd8 39. Bb2 Bxe4 40. b6 R3d7 41. Rc4 Bf3 42. Rxd2 Rxd2 43. Rc3 Rd1# 0-1


[Site "https://www.chess.com"]

[Event "Titled Tuesday Blitz March 14 Early 2023"]
[White "Kalajzic, Ivan"]
[Black "Dzhumagaliev, Yan"]
[WhiteFideId "14506378"]
[BlackFideId "24100110"]
[WhiteElo "2203"]
[BlackElo "2476"]
[Result "0-1"]
[Round "05"]
[TimeControl "180+2"]
[Date "2023.03.14"]
[WhiteClock "0:00:04"]
[BlackClock "0:00:10"]

1. b3 h5 2. Bb2 h4 3. h3 d5 4. c4 d4 5. Nf3 c5 6. d3 Nc6 7. e3 e5 8. exd4 cxd4 9. Be2 Bb4+ 10. Nbd2 e4 11. dxe4 d3 12. Bf1 Nf6 13. a3 Be7 14. Qb1 O-O 15. Qxd3 Qc7 16. Be2 Nh5 17. Qe3 Nf4 18. O-O b6 19. e5 Ng6 20. Bd3 Bc5 21. Qg5 Nce7 22. Ne4 Rd8 23. Rad1 Bb7 24. Nf6+ Kf8 25. Bxg6 Nxg6 26. Nxh4 Rxd1 27. Rxd1 Qc6 28. Nxg6+ fxg6 29. Nd5 Re8 30. Rd3 Kg8 31. Rg3 Rf8 32. Ne3 Bxe3 33. Qxe3 Qe6 34. Qg5 Be4 35. Qe3 Bb1 36. Rf3 Rd8 37. Qf4 Bf5 38. g4 Bc2 39. Kh2 Bd1 40. Re3 Rd2 41. Bd4 Bc2 42. b4 g5 43. Qxg5 Rxf2+ 44. Kg3 Rf8 45. Rf3 Rxf3+ 46. Kxf3 Qxc4 47. Qf4 Qf1+ 48. Bf2 Qh1+ 49. Kg3 Qd5 50. Qd4 Qb3+ 51. Be3 Bg6 52. Qf4 Bf7 53. h4 Qxa3 54. h5 a5 55. Kh4 axb4 56. g5 b3 57. g6 Qe7+ 58. Qg5 Qxg5+ 59. Kxg5 b2 60. gxf7+ Kxf7 61. h6 gxh6+ 62. Kxh6 b1=Q 63. Bg5 Qg6# 0-1


[Site "https://www.chess.com"]

[Event "Titled Tuesday Blitz March 14 Early 2023"]
[White "Escalona Landi, Samid Eduardo"]
[Black "Ruge, Edison"]
[WhiteFideId "3937437"]
[BlackFideId "4401000"]
[WhiteElo "2207"]
[BlackElo "2175"]
[Result "1-0"]
[Round "05"]
[TimeControl "180+2"]
[Date "2023.03.14"]
[WhiteClock "0:01:13"]
[BlackClock "0:00:51"]

1. e4 e5 2. Nf3 Nc6 3. d4 exd4 4. Nxd4 Nf6 5. Nc3 Bb4 6. Nxc6 Bxc3+ 7. bxc3 bxc6 8. Bd3 d6 9. O-O O-O 10. Bg5 h6 11. Bh4 Re8 12. Re1 g5 13. Bg3 Nd7 14. e5 Nxe5 15. Bxe5 dxe5 16. Rxe5 Be6 17. Qh5 Qf6 18. Rae1 Kg7 19. h4 g4 20. Rg5+ Kf8 21. Ra5 Bd7 22. Qc5+ Kg7 23. Rf1 Qxh4 24. Qd4+ Kg8 25. Qxd7 g3 26. fxg3 Qe7 27. Qxe7 Rxe7 28. Rf6 Kg7 29. Rxc6 Rb8 30. Rxa7 Rb1+ 31. Kf2 Rd1 32. Rcxc7 Rd2+ 33. Kf3 Rxc7 34. Rxc7 Rd1 35. a4 Ra1 36. Ra7 1-0


[Site "https://www.chess.com"]

[Event "Titled Tuesday Blitz March 14 Early 2023"]
[White "Sanchez, Robert"]
[Black "Sadubayev, Airat"]
[WhiteFideId "2034360"]
[BlackFideId "13713264"]
[WhiteElo "2235"]
[BlackElo "2129"]
[Result "0-1"]
[Round "05"]
[TimeControl "180+2"]
[Date "2023.03.14"]
[WhiteClock "0:01:15"]
[BlackClock "0:00:08"]

1. e4 c6 2. d4 d5 3. e5 Bf5 4. Nf3 e6 5. Be2 c5 6. O-O Nc6 7. c3 Nge7 8. Na3 Bg6 9. Bg5 h6 10. Bh4 a6 11. dxc5 Qc7 12. Re1 Nf5 13. c4 d4 14. Bd3 Bxc5 15. Nc2 O-O 16. a3 a5 17. Bg3 Rad8 18. Rb1 Be7 19. b4 axb4 20. axb4 Qb6 21. c5 Qc7 22. Na3 Nxg3 23. hxg3 Bxd3 24. Qxd3 Rd5 25. Nb5 Qd7 26. Nd6 Bxd6 27. exd6 b6 28. b5 Na7 29. Ne5 Qd8 30. cxb6 Qxb6 31. Nd7 Qxd6 0-1


[Site "https://www.chess.com"]

[Event "Titled Tuesday Blitz March 14 Early 2023"]
[White "Clawitter, Craig"]
[Black "Odegov, Artem"]
[WhiteFideId "2023105"]
[BlackFideId "34183644"]
[WhiteElo "2234"]
[BlackElo "2300"]
[Result "0-1"]
[Round "05"]
[TimeControl "180+2"]
[Date "2023.03.14"]
[WhiteClock "0:00:17"]
[BlackClock "0:00:16"]

1. e4 e6 2. d4 d5 3. e5 c5 4. c3 Qb6 5. Nf3 Nc6 6. a3 Nh6 7. b4 cxd4 8. cxd4 Nf5 9. Be3 f6 10. exf6 gxf6 11. Bd3 Nxe3 12. fxe3 Bd7 13. O-O Bh6 14. Qe2 O-O 15. Nc3 Rae8 16. Kh1 Kh8 17. Qf2 Re7 18. e4 dxe4 19. Nxe4 f5 20. Nc5 Bg7 21. Qh4 Bf6 22. Qh6 Bg7 23. Qh4 Bf6 24. Qh6 Qd8 25. Nxb7 Qb8 26. Nc5 Nxd4 27. Nxd4 Bxd4 28. Rad1 Bxc5 29. bxc5 Bc6 30. Bc4 Rg8 31. Rf2 Rg6 32. Qh4 Qf8 33. Rd6 Be4 34. Rfd2 Re8 35. Rd8 Bxg2+ 36. Rxg2 Rxd8 37. Rxg6 Rd1+ 38. Rg1 Rxg1+ 39. Kxg1 Qxc5+ 40. Kg2 Qe5 41. Qg3 Qb2+ 42. Qf2 Qc3 43. Bxe6 Qc6+ 44. Qf3 Qxe6 45. Qa8+ Qg8+ 46. Qxg8+ Kxg8 47. Kf3 Kf7 48. Kf4 Kf6 49. h4 h5 50. a4 a5 51. Kf3 Ke5 52. Ke3 f4+ 53. Kf3 Kf5 54. Kf2 Ke4 55. Ke2 f3+ 56. Kf2 Kf4 57. Kf1 Kg3 58. Kg1 Kxh4 59. Kf2 Kg4 60. Kf1 Kg3 61. Kg1 h4 62. Kf1 f2 63. Ke2 Kg2 0-1


[Site "https://www.chess.com"]

[Event "Titled Tuesday Blitz March 14 Early 2023"]
[White "Shapiro, Viktor"]
[Black "Simonovic, Miroslav"]
[WhiteFideId "4175700"]
[BlackFideId "919152"]
[WhiteElo "2152"]
[BlackElo "2042"]
[Result "1-0"]
[Round "05"]
[TimeControl "180+2"]
[Date "2023.03.14"]
[WhiteClock "0:01:22"]
[BlackClock "0:00:36"]

1. c4 c5 2. Nc3 Nc6 3. g3 e5 4. Bg2 g6 5. Nf3 Bg7 6. d3 Nge7 7. O-O O-O 8. a3 d6 9. Bg5 h6 10. Bd2 Be6 11. Rb1 a5 12. Ne1 d5 13. b3 f5 14. Nc2 e4 15. cxd5 Nxd5 16. Nxd5 Bxd5 17. dxe4 Bxe4 18. Bxe4 fxe4 19. Be3 Nd4 20. b4 axb4 21. axb4 b6 22. bxc5 bxc5 23. Rb7 Rf7 24. Rxf7 Kxf7 25. Nxd4 cxd4 26. Qb3+ Kf8 27. Rd1 Qb8 28. Qxb8+ Rxb8 29. Bxd4 Bxd4 30. Rxd4 Re8 31. Kf1 Kf7 32. Ke1 Kf6 33. Kd2 Re6 34. Ke3 Kf5 35. h3 h5 36. Rd5+ Re5 37. Kd4 Rxd5+ 38. Kxd5 h4 39. gxh4 Kf4 40. Kd4 1-0


[Site "https://www.chess.com"]

[Event "Titled Tuesday Blitz March 14 Early 2023"]
[White "Rodriguez Santiago, Jaime"]
[Black "TimGrutter03"]
[WhiteFideId "3100898"]
[WhiteElo "2025"]
[BlackElo "2476"]
[Result "0-1"]
[Round "05"]
[TimeControl "180+2"]
[Date "2023.03.14"]
[WhiteClock "0:00:23"]
[BlackClock "0:00:14"]

1. c4 g6 2. Nc3 Bg7 3. g3 d6 4. Bg2 Nf6 5. e4 O-O 6. Nge2 c5 7. O-O Nc6 8. d3 a6 9. h3 Rb8 10. a4 Ne8 11. Be3 b5 12. axb5 axb5 13. cxb5 Nd4 14. Qa4 Nxb5 15. Nxb5 Bd7 16. Qc2 Rxb5 17. Ra2 Be6 18. Qa4 Qb8 19. d4 Bxa2 20. Qxa2 Rxb2 21. Qa6 cxd4 22. Nxd4 Nc7 23. Qa3 Rb1 24. Nc6 Rxf1+ 25. Bxf1 Qe8 26. Qc1 d5 27. e5 Qd7 28. f4 Rc8 29. Bg2 Kh8 30. Nd4 Ne6 31. Qd2 Nxd4 32. Bxd4 e6 33. Kh2 Bf8 34. h4 Bc5 35. Bb2 Qa4 36. h5 Be7 37. hxg6 hxg6 38. g4 Rc2 39. Qd4 Qa2 40. f5 Qxb2 41. Qg1 Rxg2+ 42. Qxg2 Qxg2+ 43. Kxg2 gxf5 44. Kf3 fxg4+ 45. Kxg4 Kg7 46. Kf4 Kg6 47. Ke3 Bg5+ 48. Kd4 Bf4 49. Kc5 Bxe5 50. Kb4 Kf5 51. Kb3 Ke4 52. Kc2 d4 53. Kd1 d3 54. Ke1 Ke3 55. Kd1 d2 56. Kc2 Ke2 57. Kb3 d1=Q+ 58. Kc4 Qd3+ 0-1


[Site "https://www.chess.com"]

[Event "Titled Tuesday Blitz March 14 Early 2023"]
[White "Pandey Srishti"]
[Black "Ardila, Oscar Humberto"]
[WhiteFideId "35093290"]
[BlackFideId "4404742"]
[WhiteElo "2083"]
[BlackElo "1911"]
[Result "1-0"]
[Round "05"]
[TimeControl "180+2"]
[Date "2023.03.14"]
[WhiteClock "0:00:20"]
[BlackClock "0:00:19"]

1. Nf3 Nf6 2. e3 g6 3. b3 Bg7 4. Bb2 O-O 5. c4 d6 6. Nc3 Nbd7 7. d4 c6 8. Be2 Qc7 9. O-O e5 10. Qc2 exd4 11. Nxd4 Re8 12. Rfd1 Nc5 13. Bf1 Nce4 14. Nxe4 Nxe4 15. Nf3 Bf5 16. Bxg7 Kxg7 17. Qb2+ f6 18. Nd4 Bd7 19. Bd3 Nc5 20. Bc2 a5 21. Rd2 Qd8 22. Rad1 b6 23. Nf3 Nb7 24. h3 Qe7 25. Bb1 Rad8 26. Ne1 Bc8 27. Nf3 Nc5 28. Qd4 Bb7 29. Qf4 Ne6 30. Qg3 d5 31. cxd5 Rxd5 32. Rxd5 cxd5 33. Rc1 Rc8 34. Rxc8 Bxc8 35. Bf5 Qc5 36. Bxe6 Bxe6 37. Nd4 Bd7 38. Qb8 Kh6 39. Qd8 Qd6 40. a4 Kg7 41. Nb5 Qc6 42. Nd4 Qd6 43. Nb5 Qc6 44. Qe7+ Kh6 45. Nd6 Qc1+ 46. Kh2 Bf5 47. Nxf5+ gxf5 48. Qxf6+ Kh5 49. Qxf5+ Kh6 50. Qf6+ Kh5 51. g4# 1-0


[Site "https://www.chess.com"]

[Event "Titled Tuesday Blitz March 14 Early 2023"]
[White "Valle Maytin, Luis Enrique"]
[Black "Burke, John F"]
[WhiteFideId "3503666"]
[BlackFideId "2052970"]
[WhiteElo "2225"]
[BlackElo "2187"]
[Result "1-0"]
[Round "05"]
[TimeControl "180+2"]
[Date "2023.03.14"]
[WhiteClock "0:00:24"]
[BlackClock "0:00:52"]

1. e4 c5 2. Nf3 Nc6 3. d4 cxd4 4. Nxd4 e6 5. a3 Qc7 6. Nc3 a6 7. f4 d6 8. Be3 Nf6 9. Be2 Be7 10. O-O Rb8 11. Qe1 b5 12. Qg3 Bb7 13. Rad1 Nxd4 14. Rxd4 g6 15. Bf3 Nd7 16. Rfd1 h5 17. f5 h4 18. Qh3 exf5 19. exf5 Ne5 20. Bxb7 Qxb7 21. Nd5 Bd8 22. fxg6 Nxg6 23. Qf5 O-O 24. Bh6 Re8 25. Nf6+ Bxf6 26. Qxf6 1-0


[Site "https://www.chess.com"]

[Event "Titled Tuesday Blitz March 14 Early 2023"]
[White "Barria Santos, Jose Guilherme"]
[Black "Aanan, Shafiuddin"]
[WhiteFideId "1939300"]
[BlackFideId "3242633"]
[WhiteElo "2301"]
[BlackElo "1648"]
[Result "0-1"]
[Round "05"]
[TimeControl "180+2"]
[Date "2023.03.14"]
[WhiteClock "0:00:05"]
[BlackClock "0:00:15"]

1. e4 c5 2. Nf3 d6 3. d4 cxd4 4. Nxd4 Nf6 5. Nc3 a6 6. Bg5 e6 7. f4 Be7 8. Qf3 Qc7 9. O-O-O Nbd7 10. Bd3 b5 11. Rhe1 Bb7 12. Nd5 exd5 13. Nf5 Kf8 14. exd5 Bd8 15. Qg3 Rg8 16. Nxg7 Rxg7 17. Bh6 Nh5 18. Qe3 Bf6 19. g4 Qa5 20. Kb1 Bxd5 21. a3 b4 22. gxh5 bxa3 23. Bxh7 axb2 24. Bxg7+ Kxg7 25. Rg1+ Kh8 26. c3 Qa2+ 27. Kc2 b1=Q# 0-1


[Site "https://www.chess.com"]

[Event "Titled Tuesday Blitz March 14 Early 2023"]
[White "Sailer, Mike"]
[Black "Matveeva, Olga"]
[WhiteFideId "2012901"]
[BlackFideId "24107018"]
[WhiteElo "2109"]
[BlackElo "2056"]
[Result "0-1"]
[Round "05"]
[TimeControl "180+2"]
[Date "2023.03.14"]
[WhiteClock "0:00:01"]
[BlackClock "0:00:07"]

1. d4 d5 2. Bg5 Nf6 3. Bxf6 exf6 4. e3 Bd6 5. c4 dxc4 6. Bxc4 O-O 7. Nf3 c6 8. O-O Be6 9. Qb3 Bxc4 10. Qxc4 Nd7 11. Nc3 Nb6 12. Qb3 Re8 13. a4 a5 14. e4 Bb4 15. Rfe1 Qd7 16. h3 Rad8 17. Rad1 g6 18. Re3 Kg7 19. Na2 Qe7 20. Nxb4 Qxb4 21. Qxb4 axb4 22. b3 Nc8 23. Ne1 Nd6 24. f3 f5 25. e5 f6 26. Nc2 fxe5 27. dxe5 Nf7 28. Rxd8 Rxd8 29. Nxb4 Rd4 30. Nd3 g5 31. e6 Nd6 32. Nc5 b6 33. Nd7 b5 34. a5 b4 35. a6 Rd1+ 36. Kf2 Ra1 37. Nc5 Kf6 38. e7 Kf7 39. Re6 Ne8 40. Rxc6 Kxe7 41. Re6+ Kd8 42. Rb6 Nc7 43. Rb8+ Ke7 44. Rb7 Kd6 45. Rxc7 Kxc7 46. Nd3 Rxa6 47. Nxb4 Rd6 48. Nc2 f4 0-1


[Site "https://www.chess.com"]

[Event "Titled Tuesday Blitz March 14 Early 2023"]
[White "Baruch, Liam"]
[Black "Prudnykova, Olga"]
[WhiteFideId "14322064"]
[BlackFideId "14121093"]
[WhiteElo "2120"]
[BlackElo "2113"]
[Result "1-0"]
[Round "05"]
[TimeControl "180+2"]
[Date "2023.03.14"]
[WhiteClock "0:00:10"]
[BlackClock "0:00:04"]

1. e4 c5 2. Nf3 Nf6 3. e5 Nd5 4. d4 cxd4 5. Nxd4 g6 6. Bc4 Nc7 7. Qf3 Ne6 8. Nxe6 dxe6 9. Bb5+ Nd7 10. Nc3 Bg7 11. Bf4 O-O 12. O-O-O Qc7 13. Rhe1 a6 14. Bxd7 Bxd7 15. Qg3 Rac8 16. Bg5 Bc6 17. h4 b5 18. a3 a5 19. Rd2 b4 20. Nb1 Bd5 21. h5 h6 22. Bf4 g5 23. Bxg5 hxg5 24. Qxg5 Kh7 25. h6 Bh8 26. Qh5 f5 27. f4 b3 28. c3 Qc6 29. g4 Qe8 30. Qxe8 Rcxe8 31. g5 Rc8 32. Rf2 Kg6 33. Nd2 a4 34. Nf3 Bxf3 35. Rxf3 Rc4 36. Rd1 Rfc8 37. Rd7 R4c7 38. Rd4 Rc4 39. Rd7 R8c7 40. Rd8 Kh7 41. g6+ Kxg6 42. Rxh8 Re4 43. Rg3+ Kh5 44. h7 Rd7 45. Rg1 Re2 46. Rhg8 Rc2+ 47. Kb1 1-0


[Site "https://www.chess.com"]

[Event "Titled Tuesday Blitz March 14 Early 2023"]
[White "Jimenez, Joaquin"]
[Black "Allam, Yara"]
[WhiteFideId "109860"]
[BlackFideId "10615709"]
[WhiteElo "2163"]
[BlackElo "1758"]
[Result "1-0"]
[Round "05"]
[TimeControl "180+2"]
[Date "2023.03.14"]
[WhiteClock "0:01:42"]
[BlackClock "0:01:27"]

1. e4 c5 2. Nf3 e6 3. d4 cxd4 4. Nxd4 a6 5. c4 Nf6 6. Nc3 Qc7 7. a3 b6 8. Bd3 Bb7 9. O-O d6 10. Qe2 Nbd7 11. b4 Ne5 12. Bb2 Rc8 13. Rac1 Nxd3 14. Qxd3 Be7 15. Rfe1 O-O 16. Qg3 Nd7 17. Nd5 Bxd5 18. Nxe6 1-0


[Site "https://www.chess.com"]